 Dungeon Crawl Stone Soup version 0.31-a0-795-g5eb97db20b (webtiles) character file.

Game seed: 11462312754610318934

113 Maratek the Ducker (level 4, -7/32 HPs)
             Began as an Octopode Fighter on Sept 18, 2023.
             Killed by divine providence
             ... invoked by an orc priest
              (11 damage)
             ... on level 3 of the Dungeon.
             The game lasted 00:01:50 (1092 turns).

Maratek the Ducker (Octopode Fighter)               Turns: 1092, Time: 00:01:51

Health: -7/32      AC:  4    Str: 17    XL:     4   Next: 96%
Magic:  4/4        EV: 12    Int: 10    God:
Gold:   119        SH:  9    Dex: 11    Spells: 3/3 levels left

rFire   . . .        a - +0 flail
rCold   . . .        h - +1 kite shield {AC+3}
rNeg    . . .        (helmet restricted)
rPois   .            (no amulet)
rElec   .            (no ring)
rCorr   .            (no ring)
SInv    .            (no ring)
Will    .....        (no ring)
Stlth   +++          (no ring)
HPRegen 0.25/turn    (no ring)
MPRegen 0.09/turn    (no ring)
                     (no ring)

%: no passive effects
@: no status effects
A: almost no armour, amphibious, 8 rings, camouflage 1, gelatinous body 1,
(nimble swimmer 1), tentacles
a: no special abilities


You were on level 3 of the Dungeon.
You visited 1 branch of the dungeon, and saw 3 of its levels.

You collected 119 gold pieces.

Inventory:

Hand Weapons
 a - a +0 flail (weapon)
Armour
 h - a +1 kite shield of protection (worn)
Jewellery
 d - a ring of ice
Scrolls
 b - a scroll of enchant weapon {unknown}
 g - a scroll of enchant armour {unknown}
 i - a scroll of vulnerability {unknown}
 j - a scroll of identify {unknown}
 k - a scroll of teleportation {unknown}
Potions
 c - 2 potions of might
 e - a potion of degeneration {unknown}
 f - a potion of mutation {unknown}


   Skills:
 + Level 3.6 Fighting
 + Level 3.3 Maces & Flails
 + Level 3.6 Dodging
 + Level 1.4 Stealth
 + Level 3.3 Shields


You had 3 spell levels left.
You didn't know any spells.
Your spell library contained the following spells:

 Spells                   Type           Power      Damage    Failure   Level
 Sandblast                Erth           0%         2d4       71%         1
 Sting                    Tmut/Pois      0%         1d3       71%         1
 Passwall                 Tmut/Erth      0%         N/A       85%         2
 Poisonous Vapours        Pois/Air       0%         N/A       85%         2
 Stone Arrow              Conj/Erth      0%         3d7       97%         3
 Brom's Barrelling Bould  Conj/Erth      0%         2d3       100%        4
 Olgreb's Toxic Radiance  Pois           0%         N/A       100%        4


Dungeon Overview and Level Annotations

Branches:
Dungeon (2/15)

Altars:


Innate Abilities, Weirdness & Mutations

You cannot wear most types of armour.
You are amphibious.
You can wear up to eight rings at the same time.
Your skin changes colour to match your surroundings (Stealth+).
Your rubbery body absorbs attacks. (AC +1, EV +1)
((You are camouflaged when in or above water. (Stealth+)))
You have tentacles for arms and can constrict up to eight enemies at once.


Message History

No target in view!
An orc and an orc priest come into view.
The orc priest calls down the wrath of Beogh upon you.
Beogh smites you!
An orc comes into view. It is wielding a +0 hand axe.
The orc shouts!
There are monsters nearby!
An endoplasm comes into view.
Found a small coral ring.
An orc priest comes into view. It is wielding a +0 mace.
The orc shouts!
You hit the orc priest but do no damage.
You grab the orc priest.
You constrict the orc priest, but do no damage.
The orc priest struggles to escape constriction.
The orc priest mumbles some strange prayers to Beogh against you.
Beogh smites you!
You are too injured to fight recklessly!
You are too injured to fight recklessly!
You are too injured to fight recklessly!
You hit the orc priest.
The orc priest is moderately wounded.
You constrict the orc priest. The orc priest hits you with a +0 whip.
* * * LOW HITPOINT WARNING * * *
You block the orc's attack.
You sock the orc priest!
You kill the orc priest!
The orc hits you with a +0 mace.
* * * LOW HITPOINT WARNING * * *
You hit the orc. You grab the orc.
The orc is severely wounded.
You constrict the orc. You block the endoplasm's attack. The orc misses you. x2
The endoplasm jiggles.
The endoplasm freezes you.
You are frozen.
* * * LOW HITPOINT WARNING * * *
You release your grip on the orc.
The orc priest mumbles some strange prayers to Beogh against you.
Beogh smites you!
You die...

.... =.... .....
...... ....#
#####o)###
......oJ.# .#
#####o##.### .#
.......)@.# ..
...#.###..####.# #
... # #.....#.# ..
.. #####.###.#.##.#
.. +.....###......#
....###.###.#....###
#.........#.#.......
#.###.###.#.#.####..
#.##..).#.#


You could see an orc priest, 2 orcs and an endoplasm.

Vanquished Creatures
  An orc priest (D:3)
  Terence (D:3)
  An adder (D:2)
  A dart slug (D:1)
  An orc (D:2)
  5 ball pythons
  3 bats
  6 endoplasms
  2 giant cockroaches (D:1)
  6 goblins
  4 hobgoblins
  4 kobolds
  2 quokkas (D:1)
  6 frilled lizards
  2 rats (D:1)
45 creatures vanquished.

Notes
Turn   | Place    | Note
-------+----------+-------------------------------------------
     0 | D:1      | Maratek the Octopode Fighter began the quest for the Orb.
     0 | D:1      | Reached XP level 1. HP: 16/16 MP: 1/1
   157 | D:1      | Reached XP level 2. HP: 21/21 MP: 2/2
   259 | D:1      | Reached XP level 3. HP: 25/26 MP: 3/3
   954 | D:2      | Reached XP level 4. HP: 13/31 MP: 4/4
  1032 | D:2      | You fall into a shaft and drop 1 floor!
  1042 | D:3      | Noticed Terence
  1048 | D:3      | Killed Terence
  1049 | D:3      | Reached skill level 1 in Stealth
  1092 | D:3      | Killed from afar by an orc priest

Illustrated notes

Levels and vault maps discovered:
D:1:      lemuel_arrival_cross, layout_basic, dk_noncrumbling_3, minmay_unequal
D:2:      layout_basic, hellmonk_ecumenical_altar_prayer_group,
          kennysheep_big_empty_room
D:3:      minmay_evil_eye, layout_basic, uniq_terence, uniq_robin

Skill      XL: |  1  2  3  4 |
---------------+-------------+-----
Maces & Flails | 3 |  3.3
Stealth        | 1 |  1.4
Fighting       | |  3.6
Dodging        | |  3.6
Shields        | |  3.3

Action                     |  1- 3 |  4- 6 || total
---------------------------+-------+-------++-------
  Melee: Flail             |    67 |    11 ||    78
         Constrict         |    15 |     3 ||    18
         Tentacles         |    10 |     3 ||    13
   Stab: Sleeping          |     4 |       ||     4
 Armour: Skin              |    22 |     5 ||    27
  Dodge: Dodged            |    34 |     8 ||    42
  Block: Buckler           |     2 |       ||     2
         Kite shield       |    14 |     3 ||    17

Table legend: (Time is in decaauts)
 A = Elapsed time spent in this place.
 B = Non-inter-level travel time spent in this place.
 C = Inter-level travel time spent in this place.
 D = Time resting spent in this place.
 E = Time spent auto-exploring this place.
 F = Levels seen in this place.
 G = Mean time per level.
                   A        B        C        D        E       F      G
               +--------+--------+--------+--------+--------+-----+--------+
         Total |   1123 |   1116 |      7 |      0 |    845 |   3 |  374.3 |
       Dungeon |   1123 |   1116 |      7 |      0 |    845 |   3 |  374.3 |
               +--------+--------+--------+--------+--------+-----+--------+

Top non-repeatable levels by time:
     D:1: 566 daAuts
     D:2: 492 daAuts
     D:3: 63 daAuts
